 Dungeon Crawl Stone Soup version 0.31-a0-986-g5e6e4ef867 (webtiles) character file.

Game seed: 750085384361979768

20 Dittersdorf the Covered (level 2, -3/19 HPs)
             Began as a Gargoyle Fighter on Nov 3, 2023.
             Slain by a goblin
             ... wielding a +0 club
             ... led by Robin
              (4 damage)
             ... on level 1 of the Dungeon.
             The game lasted 00:00:47 (785 turns).

Dittersdorf the Covered (Gargoyle Fighter)           Turns: 785, Time: 00:00:48

Health: -3/19      AC: 12    Str: 19    XL:     2   Next: 79%
Magic:  2/2        EV:  7    Int:  8    God:
Gold:   49         SH:  4    Dex:  9    Spells: 1/1 levels left

rFire   . . .        a - +0 flail
rCold   . . .        c - +0 buckler
rNeg    + . .        k - +0 chain mail
rPois   ∞            (no helmet)
rElec   +            (no cloak)
rCorr   .            (no gloves)
SInv    .            (no boots)
Will    .....        (no amulet) Stlth
                     (no ring)
HPRegen 0.23/turn    (no ring)
MPRegen 0.08/turn

%: no passive effects
@: no status effects
A: sickness immunity, AC +2, negative energy resistance 1, electricity
resistance, torment resistance 1, petrification resistance
a: no special abilities


You were on level 1 of the Dungeon.
You visited 1 branch of the dungeon, and saw 2 of its levels.

You collected 49 gold pieces.

Inventory:

Hand Weapons
 a - a +0 flail (weapon)
Armour
 c - a +0 buckler (worn)
 k - a +0 chain mail (worn)
Jewellery
 g - a ring of fire
Scrolls
 e - 2 scrolls of fear {unknown}
 f - a scroll of identify {unknown}
Potions
 d - a potion of might
 h - a potion of ambrosia {unknown}
 i - a potion of mutation {unknown}
 j - a potion of enlightenment {unknown}


   Skills:
 + Level 3.6 Fighting
 + Level 2.3 Maces & Flails
 + Level 3.6 Armour
 + Level 3.5 Shields


You had one spell level left.
You didn't know any spells.
Your spell library was empty.

Dungeon Overview and Level Annotations

Branches:
Dungeon (2/15)

Altars:

Annotations:
D:2 Robin


Innate Abilities, Weirdness & Mutations

You are immune to sickness and miasma.
Your stone body is resilient. (AC +2)
You are immune to poison.
You resist negative energy. (rN+)
You are resistant to electric shocks. (rElec)
You are resistant to unholy torment.
You are immune to petrification.


Message History

The goblin hits you but does no damage.
You barely miss the goblin.
The goblin is severely wounded.
The goblin hits you with a +0 club. The goblin barely misses you.
You barely miss the goblin.
The goblin is heavily wounded.
The goblin no longer looks unusually strong.
You block the goblin's attack.
You completely miss the goblin.
The goblin is heavily wounded.
The goblin hits you but does no damage.
You barely miss the goblin.
The goblin is heavily wounded.
The goblin hits you with a +0 club.
* * * LOW HITPOINT WARNING * * *
You block the goblin's attack.
You closely miss the goblin.
The goblin is heavily wounded.
You block the goblin's attack.
You hit the goblin.
The goblin is severely wounded.
You block the goblin's attack.
You barely miss the goblin.
The goblin is severely wounded.
The goblin hits you with a +0 club.
* * * LOW HITPOINT WARNING * * *
The goblin hits you with a +0 club.
* * * LOW HITPOINT WARNING * * *
You closely miss the goblin.
The goblin is heavily wounded.
The goblin hits you but does no damage.
You closely miss the goblin.
The goblin is heavily wounded.
The goblin hits you but does no damage.
You closely miss the goblin.
The goblin is heavily wounded.
The goblin hits you with a +0 club.
* * * LOW HITPOINT WARNING * * *
The goblin hits you with a +0 club.
You die...

#.).....# #..##.....#....
#####...# #.#.......#.### ##..#
##.#.#####.#.# ##.###..#.#
#.#.### #.##...#.# #.#....
#....#.#.# #.#)### ##
####...##.#.# ##'#...) .##
#....).)..#[# #.....## ..#
#....)@).[#.# #.....#.
#.#########....#.g.##.####.....#.
#.#............#...##........).#.
#........#######...##..........#.
#...........#..'...............#.
#........##.#.##.....#.........#.
###'###+#)..#.##........[......#.
#.....#...#.##...##..........#.
########...#.##...##.......#+.##


You could see a goblin.

Vanquished Creatures
  A dart slug (D:1)
  9 goblins (D:1)
  2 hobgoblins (D:1)
  2 ball pythons (D:1)
  A bat (D:1)
  A frilled lizard (D:1)
16 creatures vanquished.

Notes
Turn   | Place    | Note
-------+----------+-------------------------------------------
     0 | D:1      | Dittersdorf the Gargoyle Fighter began the quest for the
                  | Orb.
     0 | D:1      | Reached XP level 1. HP: 14/14 MP: 1/1
   307 | D:1      | Reached XP level 2. HP: 19/19 MP: 2/2
   695 | D:2      | Identified the +1 helmet "Logas" {Rampage}
   695 | D:2      | Noticed Robin
   785 | D:1      | Slain by a goblin

Illustrated notes

Levels and vault maps discovered:
D:1:      amcnicky_arrival_blooded_trapdoor, layout_basic, minivault_5,
          item_on_display_b
D:2:      layout_basic, basic_altar, minmay_randomly_rotated_circles,
          uniq_robin, uniq_natasha, uniq_terence

Action                     || total
---------------------------++-------
  Melee: Flail             ||    51
 Armour: Scale mail        ||    11
         Chain mail        ||    61
  Dodge: Dodged            ||    24
  Block: Buckler           ||    16

Table legend: (Time is in decaauts)
 A = Elapsed time spent in this place.
 B = Non-inter-level travel time spent in this place.
 C = Inter-level travel time spent in this place.
 D = Time resting spent in this place.
 E = Time spent auto-exploring this place.
 F = Levels seen in this place.
 G = Mean time per level.
                   A        B        C        D        E       F      G
               +--------+--------+--------+--------+--------+-----+--------+
         Total |    803 |    744 |     59 |     36 |    559 |   2 |  401.5 |
       Dungeon |    803 |    744 |     59 |     36 |    559 |   2 |  401.5 |
               +--------+--------+--------+--------+--------+-----+--------+

Top non-repeatable levels by time:
     D:1: 775 daAuts
     D:2: 27 daAuts
